 Dungeon Crawl Stone Soup version 0.30-a0-49-g1cef19eb02 (webtiles) character file.

Game seed: 12962933916895594342

2 scionoferis the Grasshopper (level 1, -1/19 HPs)
             Began as a Naga Warper on Sept 2, 2022.
             Slain by a jackal (3 damage)
             ... on level 1 of the Dungeon.
             The game lasted 00:00:42 (115 turns).

scionoferis the Grasshopper (Naga Warper)            Turns: 115, Time: 00:00:42

Health: -1/19      AC:  1    Str: 13    XL:     1   Next: 40%
Magic:  3/3        EV:  9    Int: 13    God:
Gold:   1          SH:  0    Dex: 10    Spells: 4/4 levels left

rFire   . . .      SeeInvis +    a - +0 falchion
rCold   . . .      Faith    .    (no shield)
rNeg    . . .      Spirit   .    b - +0 leather armour
rPois   +          Reflect  .    (no helmet)
rElec   .          Harm     .    (no cloak)
rCorr   .          Rampage  .    (no gloves)
Will    .....                    (no barding)
Stlth   +.........               (no amulet)
HPRegen 0.06/turn                (no ring)
MPRegen 0.08/turn                (no ring)

@: very slow
A: AC +0, large, see invisible, deformed body, poison resistance, slowness 2,
spit poison 1, naga tail 1
a: Spit Poison


You were on level 1 of the Dungeon.
You visited 1 branch of the dungeon, and saw 1 of its levels.

You collected 1 gold pieces.

Inventory:

Hand Weapons
 a - a +0 falchion (weapon)
Missiles
 d - 7 boomerangs of dispersal (quivered)
Armour
 b - a +0 leather armour (worn)
Scrolls
 c - a scroll of blinking


   Skills:
 + Level 2.0 Fighting
 * Level 2.1 Long Blades
 - Level 0.8 Throwing
 - Level 0.7 Armour
 - Level 1.5 Dodging
 - Level 2.0 Spellcasting
 - Level 3.0 Translocations


You had 4 spell levels left.
You didn't know any spells.
Your spell library contained the following spells:

 Spells                   Type           Power      Damage    Failure   Level
 Blink                    Tloc           18%        N/A       14%         2
 Gell's Gravitas          Tloc           9%         N/A       28%         3
 Lesser Beckoning         Tloc           9%         N/A       28%         3
 Teleport Other           Tloc           9%         N/A       28%         3
 Manifold Assault         Tloc           9%         N/A       95%         5


Dungeon Overview and Level Annotations

Branches:
Dungeon (1/15)

Altars:


Innate Abilities, Weirdness & Mutations

Your serpentine skin is tough. (AC +0)
You have supernaturally acute eyesight. (SInv)
Armour fits poorly on your strangely shaped body.
Your system is resistant to poisons. (rPois)
You cover ground very slowly.
You can spit poison.
You have a snake-like lower body.


Message History

The jackal bites you but does no damage.
The jackal closely misses you.
You barely miss the jackal.
The jackal is heavily wounded.
The jackal closely misses you. The jackal barely misses you.
The jackal bites you.
You closely miss the jackal. Your punch misses the jackal.
The jackal is heavily wounded.
You have got your breath back.
The jackal closely misses you. The jackal barely misses you.
The jackal closely misses you. The jackal barely misses you.
You miss the jackal.
The jackal is heavily wounded.
The jackal bites you. The jackal barely misses you.
The jackal closely misses you.
You hit the jackal.
You kill the jackal!
The jackal closely misses you. The jackal barely misses you.
You hit the quokka. Your punch misses the quokka.
The quokka is moderately wounded.
The jackal barely misses you. The quokka bites you. The jackal bites you.
You closely miss the quokka.
The quokka is moderately wounded.
The quokka bites you. The jackal bites you.
The quokka bites you but does no damage.
You hit the quokka but do no damage.
The quokka is moderately wounded.
The jackal bites you.
* * * LOW HITPOINT WARNING * * *
The quokka closely misses you. The jackal closely misses you.
You hit the quokka.
The quokka is heavily wounded.
The jackal bites you.
* * * LOW HITPOINT WARNING * * *
The quokka completely misses you. The jackal closely misses you.
The quokka barely misses you.
You barely miss the quokka.
The quokka is heavily wounded.
The jackal bites you.
You die...

#........#
#.##........# .##
#>#####'##### ...#
#.#####.######
#..#
#.#...†......#
#..##.#..≈≈≈≈..8.#
#....#..........#
#.h#.##########
#:r@.# #.#### ....
#...h$. #..!.....
#......r..
#..........
#[.........#


You could see a quokka and a jackal.

Vanquished Creatures
  A hobgoblin (D:1)
  A jackal (D:1)
2 creatures vanquished.

Notes
Turn   | Place    | Note
-------+----------+-------------------------------------------
     0 | D:1      | scionoferis the Naga Warper began the quest for the Orb.
     0 | D:1      | Reached XP level 1. HP: 19/19 MP: 3/3
   115 | D:1      | Slain by a jackal

Illustrated notes

Levels and vault maps discovered:
D:1:      dpeg_arrival_rooms_c, layout_rooms

Action                   || total
-------------------------++-------
Melee: Falchion          ||    13
 Abil: Spit Poison       ||     2
Armor: Leather armour    ||     3
Dodge: Dodged            ||    19

Table legend: (Time is in decaauts)
 A = Elapsed time spent in this place.
 B = Non-inter-level travel time spent in this place.
 C = Inter-level travel time spent in this place.
 D = Time resting spent in this place.
 E = Time spent auto-exploring this place.
 F = Levels seen in this place.
 G = Mean time per level.
                   A        B        C        D        E       F      G
               +--------+--------+--------+--------+--------+-----+--------+
         Total |    123 |    123 |      0 |     83 |      2 |   1 |  123.0 |
       Dungeon |    123 |    123 |      0 |     83 |      2 |   1 |  123.0 |
               +--------+--------+--------+--------+--------+-----+--------+

Top non-repeatable levels by time:
     D:1: 123 daAuts
